 Dungeon Crawl Stone Soup version 0.28-a0-79-g444c7a33f5 (webtiles) character file.

Game seed: 11203800311279358879

345 siradein the Jinx (level 6, 0/41 HPs)
             Began as a Vampire Enchanter on Aug 3, 2021.
             Slain by a yak (6 damage)
             ... on level 3 of the Dungeon.
             The game lasted 00:13:33 (2596 turns).

siradein the Jinx (Vampire Enchanter)               Turns: 2596, Time: 00:13:33

Health: 0/41       AC:  9    Str: 13    XL:     6   Next: 32%
Magic:  9/9        EV: 12    Int: 19    God:
Gold:   174        SH:  0    Dex: 15    Spells: 3/9 levels left

rFire   . . .      SeeInvis +   p - +2 dagger (protect)
rCold   . . .      Faith    .   (no shield)
rNeg    . . .      Spirit   .   b - +0 robe
rPois   .          Reflect  .   (no helmet)
rElec   .          Harm     .   (no cloak)
rCorr   .          Rampage  .   (no gloves)
Will    .....                   (no boots)
Stlth   +++.......              c - amulet of magic regeneration
HPRegen 0.33/turn               g - +6 ring of strength
MPRegen 0.36/turn               (no ring)

@: under a protective aura, healing quickly
A: alive, fangs 3, see invisible, vampiric 2
a: Exsanguinate


You were on level 3 of the Dungeon.
You visited 1 branch of the dungeon, and saw 4 of its levels.

You collected 174 gold pieces.

Inventory:

Hand Weapons
 e - a +2 dagger of draining
 p - a +2 dagger of protection (weapon)
Armour
 b - a +0 robe (worn)
Jewellery
 c - an amulet of magic regeneration (around neck)
 g - a +6 ring of strength (left hand)
 k - a ring of wizardry
Scrolls
 d - 3 scrolls of amnesia {unknown}
 f - a scroll of enchant armour {unknown}
 h - a scroll of fog {unknown}
 i - a scroll of fear {unknown}
 j - a scroll of noise {unknown}
 l - a scroll of silence {unknown}
 m - a scroll of teleportation {unknown}
 n - a scroll of identify {unknown}
 q - 2 scrolls of enchant weapon {unknown}
 s - a scroll of magic mapping {unknown}
Potions
 a - 2 potions of flight {unknown}
 o - a potion of heal wounds {unknown}
 r - a potion of curing {unknown}
 t - a potion of might {unknown}
 u - a potion of lignification {unknown}


   Skills:
 - Level 1.1 Short Blades
 - Level 2.1 Dodging
 - Level 4.4 Stealth
 + Level 2.2 Spellcasting
 + Level 10.1 Hexes


You had 3 spell levels left.
You knew the following spells:

 Your Spells              Type           Power      Damage    Failure   Level
a - Corona                Hex            44%        N/A       1%          1
b - Tukima's Dance        Hex            40%        N/A       1%          3
c - Ensorcelled Hibernat  Hex/Ice        42%        N/A       3%          2

Your spell library contained the following spells:

 Spells                   Type           Power      Damage    Failure   Level
 Confusing Touch          Hex            40%        N/A       1%          3
 Dazzling Flash           Conj/Hex       42%        N/A       6%          3
 Ozocubu's Armour         Ice            2%         N/A       45%         3
 Iskenderun's Mystic Bla  Conj/Tloc      2%         2d3       86%         4
 Starburst                Conj/Fire      1%         8x6d3     100%        6
 Ozocubu's Refrigeration  Ice            1%         4d5       100%        7


Dungeon Overview and Level Annotations

Branches:
Dungeon (4/15)
 Temple: D:4-7

Altars:
Makhleb
Nemelex Xobeh
Okawaru
Trog

Annotations:
D:3 2 transporters, HilariousDeathArtist's ghost, amateur KoAE


Innate Abilities, Weirdness & Mutations

Your natural rate of healing is accelerated.
You have razor-sharp teeth.
You have supernaturally acute eyesight. (SInv)
You are afflicted with vampirism and can become a bat while bloodless.


Message History

You barely miss the yak.
The yak is heavily wounded.
The yak gores you!
You are too injured to fight recklessly!
You hit the yak.
Your weapon exudes an aura of protection.
The yak is heavily wounded.
The yak barely misses you.
The yak stops glowing.
Casting: Corona (safe; 1% risk of failure)
Confirm with . or Enter, or press ? or * to list all spells.
Aiming: Ensorcelled Hibernation (safe; 3% risk of failure)
Press: ? - help, Shift-Dir - straight line, f/p - yak
Aim: a yak (heavily wounded, not susceptible)
Okay, then.
You see here a +0 leather armour.
Aiming: Corona (safe; 1% risk of failure)
Press: ? - help, Q - select action, (/) - cycle Shift-Dir - straight line, f/p - yak
Aim: a yak (heavily wounded, chance to affect: 76%)
The yak is outlined in light.
The yak gores you.
You hit the yak.
Your weapon exudes an aura of protection.
The yak is heavily wounded.
The yak gores you!
* * * LOW HITPOINT WARNING * * *
The yak stops glowing.
You hit the yak.
Your weapon exudes an aura of protection.
You bite the yak.
The yak is heavily wounded.
The yak misses you.
You hit the yak but do no damage.
The yak is heavily wounded.
The yak gores you!
* * * LOW HITPOINT WARNING * * *
You barely miss the yak.
The yak is heavily wounded.
The yak gores you.
You die...

##.#.#.###<..#.#
#.
###.#####.#...#
#. #.#.....##..#
#. #.....[.....#
#. #.####.)###.#
#. #.# ##)# #.#
#. #.# #)# #.#
## #Y# ###.#####
# #@###.#.#P## #
#.##.P#)#..## #
#.#...#.#P..# #
#.#...#.#...###
#
#.#P..#.#..P#.#
##
###...#)#P.b#.#
#.
#.PP#.#...#.###.
##.P#.#.b##.....
##.#.#P###.##..


You could see a yak.

Vanquished Creatures
  A water moccasin skeleton (D:4)
  A wight (D:4)
  An orc wizard (D:3)
  A hound skeleton (D:4)
  3 gnolls
  4 adders
  2 worms
  A dart slug (D:2)
  7 orcs
  An endoplasm (D:3)
  4 giant cockroaches
  5 goblins
  2 hobgoblins
  3 jackals (D:3)
  4 quokkas
  4 ball pythons
  2 bats (D:2)
  A frilled lizard (D:2)
  3 kobolds
  A quokka skeleton (D:4)
  3 rats
54 creatures vanquished.

Vanquished Creatures (collateral kills)
  3 wights (D:4)
  5 gnolls
  8 orcs
  A jackal (D:3)
  2 goblins (D:3)
  2 kobolds (D:3)
21 creatures vanquished.

Vanquished Creatures (others)
  3 dancing weapons
3 creatures vanquished.

Grand Total: 78 creatures vanquished

Notes
Turn   | Place    | Note
-------+----------+-------------------------------------------
     0 | D:1      | siradein the Vampire Enchanter began the quest for the Orb.
     0 | D:1      | Reached XP level 1. HP: 13/13 MP: 3/3
   231 | D:1      | Found a faded altar of an unknown god.
   370 | D:1      | Reached skill level 5 in Hexes
   563 | D:1      | Reached XP level 2. HP: 17/19 MP: 3/5
   910 | D:2      | Reached skill level 6 in Hexes
   958 | D:2      | Gained mutation: You are afflicted with vampirism and can
                  | become a bat while bloodless. [Vampire growth]
   958 | D:2      | Reached XP level 3. HP: 11/24 MP: 6/6
  1023 | D:2      | Learned a level 3 spell: Tukima's Dance
  1026 | D:2      | Learned a level 2 spell: Ensorcelled Hibernation
  1212 | D:2      | Reached skill level 7 in Hexes
  1291 | D:2      | Reached XP level 4. HP: 30/30 MP: 4/7
  1465 | D:3      | Found a burning altar of Makhleb.
  1676 | D:3      | Found an iron altar of Okawaru.
  1710 | D:3      | Reached skill level 8 in Hexes
  1729 | D:3      | Reached XP level 5. HP: 28/35 MP: 5/8
  1970 | D:3      | Found a transporter.
  1971 | D:3      | Noticed HilariousDeathArtist's ghost (amateur KoAE)
  1972 | D:3      | Found a transporter.
  1974 | D:3      | Identified the +5 great mace "Usumeol" {freeze, rF++}
  1974 | D:3      | Noticed an ogre
  2149 | D:3      | Reached skill level 9 in Hexes
  2281 | D:4      | Found a sparkling altar of Nemelex Xobeh.
  2281 | D:4      | Found a bloodstained altar of Trog.
  2456 | D:4      | Reached XP level 6. HP: 41/41 MP: 4/9
  2467 | D:4      | Reached skill level 10 in Hexes
  2528 | D:4      | Noticed a yak
  2528 | D:4      | Noticed a yak
  2596 | D:3      | Slain by a yak

Illustrated notes

Levels and vault maps discovered:
D:1:      psy_arrival_basics, layout_basic,
          hellmonk_ecumenical_altar_arch_garden
D:2:      layout_basic
D:3:      layout_basic, amcnicky_altar_gilded, kennysheep_okawaru_gauntlet,
          serial_aquarium, aquarium_bridge_straight [aquarium_subvault_bridge,
          aquarium_subvault_wall, aquarium_subvault_bridge,
          aquarium_subvault_wall], aquarium_bridge_straight
          [aquarium_subvault_bridge, aquarium_subvault_wall,
          aquarium_subvault_bridge, aquarium_subvault_wall], aquarium_window_1,
          aquarium_window_corridor_3, aquarium_window_2, aquarium_view_2d,
          gammafunk_ghost_smash
D:4:      layout_basic, gammafunk_temple_overflow_wave

Skill      XL: |  1  2  3  4  5  6 |
---------------+-------------------+-----
Hexes          | 5 6 7 8 9 10 | 10.1
Short Blades   | |  1.1
Dodging        | |  2.1
Stealth        | |  4.4
Spellcasting   | |  2.2

Action                   |  1- 3 |  4- 6 || total
-------------------------+-------+-------++-------
Melee: Dagger            |    53 |   151 ||   204
       Bite              |     3 |    18 ||    21
 Cast: Corona            |    11 |     9 ||    20
       Tukima's Dance    |     3 |    25 ||    28
       Ensorcelled Hiber |     3 |     7 ||    10
 Stab: Sleeping          |    10 |     5 ||    15
       Distracted        |     1 |       ||     1
Armor: Robe              |     8 |    53 ||    61
Dodge: Dodged            |    24 |   101 ||   125

Table legend: (Time is in decaauts)
 A = Elapsed time spent in this place.
 B = Non-inter-level travel time spent in this place.
 C = Inter-level travel time spent in this place.
 D = Time resting spent in this place.
 E = Time spent auto-exploring this place.
 F = Levels seen in this place.
 G = Mean time per level.
                   A        B        C        D        E       F      G
               +--------+--------+--------+--------+--------+-----+--------+
         Total |   2584 |   2500 |     84 |     78 |   1760 |   4 |  646.0 |
       Dungeon |   2584 |   2500 |     84 |     78 |   1760 |   4 |  646.0 |
               +--------+--------+--------+--------+--------+-----+--------+

Top non-repeatable levels by time:
     D:2: 856 daAuts
     D:3: 834 daAuts
     D:1: 591 daAuts
     D:4: 302 daAuts
